Map: Orbital Shipyard

Players

State - Winner!

  • Race: Protoss Protoss
  • League: Grandmaster

BoxeR

  • Race: Terran Terran
  • League: Master

VOD

Have the link to the VOD?

Description

Time

  • Played on: Dec. 27, 2015, 9:26 p.m.
  • Length: 14:07
Show
View Real Time Build Order
Export as new Build Order

State Protoss - Winner!

Build Orders: 1 Gate Expand 

Get SALT Encoding   

  12  0:01  Probe (Chrono Boost)  
  13  0:11  Probe (Chrono Boost)  
  14  0:18  Pylon  
  14  0:22  Probe (Chrono Boost)  
  15  0:36  Probe (Chrono Boost)  
  15  0:37  Gateway  
  15  0:41  Assimilator  
  16  0:47  Probe (Chrono Boost)  
  17  0:57  Probe (Chrono Boost)  
  18  1:08  Probe (Chrono Boost)  
  19  1:17  Nexus  
  19  1:20  Probe (Chrono Boost)  
  20  1:30  Cybernetics Core  
  20  1:34  Probe (Chrono Boost)  
  20  1:39  Assimilator  
  21  1:44  Probe (Chrono Boost)  
  22  1:52  Pylon  
  22  1:55  Probe (Chrono Boost)  
  23  2:10  Adept  
  23  2:11  Mothership Core (Chrono Boost)  
  27  2:17  Warp Gate  
  27  2:29  Probe x2 (Chrono Boost)  
  29  2:35  Robotics Facility  
  29  2:40  Probe x2 (Chrono Boost), Adept  
  33  2:50  Probe (Chrono Boost)  
  33  2:51  Probe (Chrono Boost)  
  35  3:01  Probe x2 (Chrono Boost)  
  37  3:11  Probe (Chrono Boost)  
  37  3:12  Probe (Chrono Boost)  
  39  3:14  Gateway  
  39  3:18  Gateway  
  39  3:25  Probe x2 (Chrono Boost), Warp Prism (Chrono Boost)  
  43  3:29  Pylon  
  43  3:35  Probe, Gateway  
  43  3:38  Probe  
  45  3:43  Twilight Council  
  45  3:46  Probe  
  46  3:50  Probe, Pylon  
  47  3:56  Probe  
  47  3:57  Observer (Chrono Boost)  
  47  4:02  Probe, Assimilator  
  50  4:07  Probe  
  51  4:14  Probe  
  51  4:16  Assimilator  
  52  4:17  Pylon  
  53  4:26  Probe  
  53  4:30  Observer, Pylon  
  55  4:31  Stalker x3  
  55  4:33  Stalker  
  62  4:50  Probe  
  62  4:51  Probe  
  62  4:52  Immortal  
  62  4:55  Nexus  
  60  5:00  Probe, Blink (Chrono Boost)  
  61  5:08  Forge  
  61  5:11  Probe, Forge  
  61  5:12  Probe  
  63  5:22  Probe  
  63  5:24  Probe  
  65  5:31  Observer  
  65  5:32  Probe  
  65  5:34  Protoss Ground Weapons Level 1 (Chrono Boost), Protoss Ground Armor Level 1 (Chrono Boost)  
  67  5:36  Probe  
  67  5:38  Pylon  
  67  5:43  Gateway x2  
  67  5:46  Probe  
  67  5:48  Probe  
  69  5:51  Pylon  
  69  5:57  Observer  
  69  5:58  Probe  
  69  6:00  Probe  
  72  6:06  Stalker x3  
  72  6:07  Probe  
  72  6:10  Probe  
  80  6:12  Probe  
  81  6:19  Probe, Observer (Chrono Boost)  
  81  6:22  Stalker, Probe  
  81  6:24  Probe  
  87  6:31  Probe  
  88  6:33  Assimilator x2  
  88  6:34  Probe  
  88  6:37  Gateway  
  88  6:39  Pylon  
  89  6:42  Pylon  
  89  6:46  Pylon  
  89  6:49  Gateway  
  89  6:50  Gateway  
  89  6:51  Warp Prism (Chrono Boost)  
  89  6:52  Stalker  
  89  6:53  Stalker x2  
  97  6:57  Probe  
  97  6:58  Probe x2  
  100  7:11  Templar Archives  
  100  7:13  Pylon, Charge  
  100  7:14  Pylon  
  100  7:15  Pylon  
  100  7:20  Protoss Ground Armor Level 2, Protoss Ground Weapons Level 2  
  100  7:21  Probe x2  
  106  7:23  Immortal (Chrono Boost)  
  105  7:45  Stalker x6  
  105  7:50  Stalker x2  
  121  7:57  Observer (Chrono Boost)  
  122  8:05  Nexus  
  122  8:06  Psionic Storm  
  122  8:09  Pylon  
  122  8:18  Zealot x3  
  122  8:19  Zealot  
  130  8:23  Immortal (Chrono Boost)  
  130  8:38  Zealot x5  
  130  8:39  Zealot x3  
  126  8:56  Probe x2  
  126  8:57  Immortal (Chrono Boost)  
  126  9:02  High Templar x4  
  140  9:07  Archon x2  
  140  9:09  Probe x2  
  130  9:25  Stalker x3  
  130  9:26  Stalker  
  138  9:31  Probe x2  
  138  9:33  Pylon  
  138  9:35  Pylon  
  138  9:37  Zealot x2, High Templar x2  
  148  9:41  Immortal (Chrono Boost)  
  148  9:45  Assimilator  
  152  9:47  Assimilator  
  152  9:50  Pylon  
  152  9:52  Zealot x2, High Templar x2  
  160  10:01  Gateway  
  160  10:02  Gateway  
  160  10:03  Gateway  
  160  10:04  Gateway  
  160  10:05  Protoss Ground Weapons Level 3, Protoss Ground Armor Level 3  
  160  10:08  Gateway  
  160  10:09  Gateway  
  160  10:11  Pylon  
  161  10:14  Warp Prism (Chrono Boost)  
  161  10:22  Zealot x5  
  161  10:23  Zealot  
  173  10:35  Archon  
  157  10:44  Probe x2, Photon Cannon  
  157  10:45  Probe x2  
  157  10:46  Photon Cannon  
  161  10:54  Probe  
  161  10:56  Probe  
  163  11:03  Probe x2  
  159  11:05  Probe  
  159  11:08  Photon Cannon  
  159  11:10  Photon Cannon  
  148  11:20  Zealot  
  148  11:21  Zealot x5  
  148  11:23  Zealot x2  
  164  11:38  Archon  
  132  11:53  Zealot x10  
  132  11:54  Zealot x4  
  154  11:57  Warp Prism (Chrono Boost)  
  155  12:22  Sentry, High Templar x2  
  157  12:23  High Templar x5  
  157  12:24  High Templar x4  
  157  12:25  Probe, Zealot x2  
  157  12:29  Immortal (Chrono Boost)  
  182  12:39  Nexus  
  160  12:47  High Templar x2, Robotics Facility  
  160  12:48  Pylon, Robotics Facility  
  158  13:03  Stalker x10  
  172  13:21  Stalker x4  
  180  13:28  Archon x5  
  180  13:29  Archon  
  172  13:42  Stalker x9  
  176  14:03  Zealot x4  
  176  14:04  Zealot  
Show
View Real Time Build Order
Export as new Build Order

BoxeR Terran 

Build Orders: Reaper Expand, MMM Bio 

Get SALT Encoding   

  12  0:00  SCV  
  13  0:12  SCV  
  14  0:17  Supply Depot  
  14  0:25  SCV  
  15  0:39  SCV  
  15  0:41  Barracks  
  16  0:44  Refinery  
  16  0:51  SCV  
  17  1:03  SCV  
  18  1:16  SCV  
  19  1:29  Reaper  
  19  1:30  Orbital Command  
  20  1:40  Command Center  
  20  1:47  Refinery  
  20  1:55  SCV  
  21  2:01  Barracks Reactor  
  21  2:03  Supply Depot  
  21  2:07  SCV  
  22  2:19  SCV  
  23  2:24  Factory  
  23  2:26  Bunker  
  23  2:32  SCV  
  24  2:39  Marine x2  
  26  2:45  SCV  
  27  2:53  Orbital Command  
  27  2:56  Marine  
  27  2:57  Marine  
  29  3:03  SCV  
  30  3:08  Factory Tech Lab  
  30  3:14  Marine x2  
  30  3:15  SCV  
  30  3:19  SCV  
  36  3:27  SCV, Cyclone, Mag-Field Accelerator  
  36  3:31  SCV  
  36  3:33  Marine x2  
  40  3:39  SCV  
  41  3:43  SCV  
  42  3:50  Supply Depot  
  42  3:51  Marine x2  
  42  3:52  SCV, Supply Depot  
  45  3:55  SCV  
  46  4:12  SCV, Cyclone, Marine x2  
  46  4:14  SCV  
  53  4:23  Command Center  
  53  4:24  SCV  
  53  4:26  SCV, Supply Depot  
  53  4:29  Marine x2  
  57  4:36  SCV  
  57  4:38  SCV  
  59  4:39  Refinery  
  59  4:40  Supply Depot  
  57  4:47  Marine x2  
  57  4:48  SCV  
  59  4:58  SCV, Cyclone  
  63  5:00  SCV  
  63  5:03  Starport  
  64  5:10  SCV, Marine x2  
  64  5:12  SCV  
  64  5:14  Engineering Bay x2  
  68  5:20  Refinery  
  68  5:22  SCV  
  68  5:25  SCV  
  68  5:28  Marine x2  
  70  5:34  SCV  
  73  5:37  SCV  
  73  5:41  Starport Reactor  
  73  5:42  Barracks, Orbital Command  
  74  5:47  SCV  
  74  5:49  SCV  
  76  5:51  Terran Infantry Weapons Level 1, Terran Infantry Armor Level 1  
  76  5:52  Barracks  
  76  5:59  SCV  
  76  6:01  SCV  
  76  6:04  Stimpack, Orbital Command  
  78  6:05  Marauder  
  78  6:11  SCV  
  81  6:14  SCV, Factory Reactor  
  82  6:19  Supply Depot  
  82  6:21  Medivac x2  
  82  6:23  SCV, Barracks  
  82  6:24  Barracks  
  87  6:31  Armory  
  87  6:32  Barracks  
  87  6:34  SCV x2  
  87  6:38  SCV  
  90  6:47  Marine x2  
  90  6:48  Barracks Tech Lab, Marauder  
  90  6:52  Supply Depot  
  94  6:55  Widow Mine x2  
  94  6:59  SCV  
  94  7:01  SCV  
  100  7:05  Marine x2  
  100  7:09  Concussive Shells  
  100  7:14  Barracks Tech Lab x2, Marauder x2  
  104  7:16  SCV, Supply Depot x2  
  104  7:19  SCV  
  104  7:21  Refinery  
  104  7:22  Refinery  
  106  7:24  Command Center  
  106  7:32  Barracks Tech Lab, Marine x2  
  106  7:34  Supply Depot  
  106  7:35  SCV  
  109  7:37  Widow Mine x2  
  109  7:38  Medivac x2, Marauder x2  
  121  7:45  SCV x2  
  121  7:49  Marauder  
  121  7:50  SCV  
  126  7:52  Marauder x2, Marine x2  
  126  7:53  Combat Shields  
  126  7:55  Supply Depot, Terran Infantry Weapons Level 2  
  126  7:57  SCV  
  133  8:02  Marauder  
  133  8:03  Marauder  
  137  8:07  Supply Depot  
  132  8:17  Marine  
  132  8:18  Widow Mine x2, Marine x4  
  135  8:20  Medivac  
  135  8:21  SCV  
  135  8:23  SCV, Marine  
  135  8:24  Marine  
  135  8:26  Supply Depot  
  139  8:35  Marine  
  139  8:36  Marauder x2  
  144  8:47  Widow Mine x2  
  141  8:48  Marine x2  
  141  8:50  Marine  
  141  8:51  Marine  
  141  8:53  Marine  
  140  8:58  Marine  
  140  8:59  Marine  
  138  9:06  Marine x2  
  138  9:08  Marine x2, Orbital Command  
  140  9:10  Supply Depot  
  140  9:16  SCV x2  
  143  9:17  Marauder x2  
  143  9:23  Marine  
  143  9:24  Marine x2  
  140  9:27  Marauder x2  
  140  9:29  Medivac x2  
  140  9:30  Terran Infantry Armor Level 2  
  150  9:33  SCV, Starport  
  150  9:38  Marine x2  
  153  9:42  Marauder  
  153  9:44  Orbital Command  
  155  9:47  Barracks  
  155  9:48  Marauder  
  155  9:49  Ghost Academy  
  155  9:50  Barracks, Marine x2  
  155  9:51  Barracks, Marauder  
  161  9:52  Command Center  
  161  9:56  Marauder  
  161  9:57  Liberator x2  
  163  10:12  Marine x6  
  169  10:17  Marauder  
  177  10:25  Supply Depot  
  177  10:30  Marauder, Marine x4  
  177  10:31  Marauder  
  181  10:38  Marine  
  165  10:43  Widow Mine x2  
  165  10:47  Marine x2  
  165  10:48  Marauder  
  165  10:49  Marauder  
  169  10:50  Barracks Tech Lab x3  
  169  10:51  SCV, Marine x2  
  169  10:56  Marine  
  172  10:57  Medivac x2  
  159  11:05  Marine x2  
  159  11:09  Marine x3  
  159  11:10  Marauder  
  165  11:14  Marine  
  165  11:18  Marine x2  
  162  11:19  Marauder  
  162  11:22  SCV x2  
  162  11:23  Marine x2  
  162  11:24  SCV x2  
  169  11:27  Marauder, Marine  
  169  11:28  Marauder  
  169  11:30  Marine  
  169  11:32  Marine  
  176  11:36  Marauder, Marine  
  163  11:41  Liberator x2  
  163  11:44  Marine x2  
  163  11:45  Marauder  
  163  11:46  Marauder  
  132  11:51  Marine x2  
  132  11:52  Marauder x2  
  132  11:54  Marine  
  120  11:55  SCV x3  
  120  11:57  Marine  
  120  11:58  Widow Mine x2  
  120  11:59  Starport Reactor  
  120  12:00  Supply Depot  
  135  12:01  SCV  
  135  12:02  Marine x2  
  135  12:06  Marine x2  
  135  12:07  SCV  
  141  12:10  SCV  
  141  12:14  Marine x2  
  141  12:15  Marauder x2  
  148  12:16  Marauder  
  148  12:17  Marauder  
  148  12:20  SCV  
  153  12:25  Refinery  
  153  12:27  Refinery  
  114  12:45  Marauder, Marine x2  
  114  12:46  Marine x3, Marauder x2  
  114  12:47  Marine x2  
  104  13:00  SCV x2  
  104  13:02  Marine  
  104  13:03  Marine  
  104  13:04  Marine x3  
  104  13:05  Marauder x2  
  115  13:06  Marine x2, Medivac x2  
  115  13:07  Marauder, Widow Mine x2  
  116  13:20  Marine x2  
  116  13:24  Marine  
  116  13:25  Marine, Marauder  
  116  13:26  Marauder  
  124  13:28  Marauder  
  104  13:36  SCV x2  
  104  13:38  Marine x2  
  102  13:42  Marine  
  102  13:44  Marauder  
  102  13:45  Marine  
  102  13:47  Marine  
  105  13:49  Marine  
Tags
 
Add a new tag
Caveats
  • Supply blocks, unpowered buildings, or Contaminate may cause inaccurate times.
  • Supply counts are checked every 10 seconds.